 Dungeon Crawl Stone Soup version 0.31-a0-180-g519b7de00c (webtiles) character file.

Game seed: 15243017322843933423

81359 qw the Peltast (level 15, -2/95 HPs)
             Began as a Gargoyle Fighter on June 19, 2023.
             Was a High Priest of Okawaru.
             Killed by divine providence
             ... invoked by a meliai
              (11 damage)
             ... on level 14 of the Dungeon.
             The game lasted 00:10:38 (17763 turns).

qw the Peltast (Gargoyle Fighter)                  Turns: 17763, Time: 00:10:38

Health: -2/95      AC: 42    Str: 34    XL:     15   Next: 70%
Magic:  22/22      EV: 10    Int:  8    God:    Okawaru [*****.]
Gold:   1316       SH: 20    Dex:  9    Spells: 14/14 levels left

rFire   . . .        Y - +2 war axe (protect)
rCold   . . .        w - +0 tower shield
rNeg    + . .        g - +0 plate armour
rPois   inf          v - +1 helmet
rElec   +            (no cloak)
rCorr   .            h - +1 pair of gloves
SInv    .            m - +0 pair of boots
Will    +....        t - amulet of regeneration Stlth
                     f - +6 ring of strength
HPRegen 1.15/turn    l - +4 ring of slaying {mikee}
MPRegen 0.18/turn

%: no passive effects
@: about to teleport, heroic, under a protective aura, flying
A: sickness immunity, AC +11, big wings, negative energy resistance 1,
electricity resistance, torment resistance 1, petrification resistance
a: Renounce Religion, Heroism, Finesse, Duel


You were on level 14 of the Dungeon.
You worshipped Okawaru.
Okawaru was extremely pleased with you.
You visited 2 branches of the dungeon, and saw 19 of its levels.
You visited the Abyss 2 times.

You collected 1316 gold pieces.


Innate Abilities, Weirdness & Mutations

You are immune to sickness and miasma.
Your stone body is resilient. (AC +11)
You are immune to poison.
Your large and strong wings let you fly.
You resist negative energy. (rN+)
You are resistant to electric shocks. (rElec)
You are resistant to unholy torment.
You are immune to petrification.


   Skills:
 + Level 11.4(16.4) Fighting
 - Level 15.0(20.0) Axes
 - Level 5.0(10.0) Throwing
 - Level 10.0(15.0) Armour
 - Level 3.3(8.3) Dodging
 - Level 16.0(21.0) Shields
 - Level 10.0 Invocations


You had 14 spell levels left.
You didn't know any spells.
Your spell library was empty.

Inventory:

Hand Weapons
 a - a +0 morningstar of protection
 Y - a +2 war axe of protection (weapon)
Missiles
 r - 5 javelins (quivered)
Armour
 c - the +5 ring mail "Ydeof" {Will+ rCorr Dex-3}
   (You found it on level 5 of the Dungeon)

   Dex:       It affects your dexterity (-3).
   rCorr:     It protects you from acid and corrosion.
   Will:      It increases your willpower.
 g - a +0 plate armour (worn)
 h - a +1 pair of gloves (worn)
 m - a +0 pair of boots (worn)
 v - a +1 helmet (worn)
 w - a +0 tower shield (worn)
Jewellery
 f - a +6 ring of strength (left hand)
 l - a +4 ring of slaying (right hand) {mikee}
 t - an amulet of regeneration (around neck)
 x - a ring of ice
Scrolls
 o - 12 scrolls of identify
 u - 3 scrolls of teleportation
Potions
 b - 3 potions of lignification
 d - 3 potions of might
 e - 3 potions of mutation
 i - 7 potions of enlightenment
 j - 2 potions of cancellation
 k - 6 potions of curing
 n - a potion of magic
 q - 2 potions of heal wounds
 s - 2 potions of attraction

Dungeon Overview and Level Annotations

Branches:
Dungeon (14/15)            Temple (0/1) D:6            Lair (5/5) D:9
 Shoals (0/4) Lair:2       Spider (0/4) Lair:2        Slime (0/5) Lair:4
    Orc (0/2) D:12         Vaults (0/5) D:13

Altars:
Cheibriados
Dithmenos
Hepliaklqana
Makhleb
Nemelex Xobeh
Okawaru
Ru
Trog
Uskayaw
Wu Jian
Xom
Yredelemnul
Zin
The Shining One
Jiyva

Portals:
Hell: Lair:5

Annotations:
Lair:3 2 transporters, qw's ghost, journeyman GrFi
Lair:4 1 runed translucent door


Message History

The purple ugly thing is severely wounded.
The meliai invokes the aid of its god against you.
Something smites you!
The purple ugly thing kicks you but does no damage.
You slash the purple ugly thing!
The purple ugly thing is severely wounded.
The meliai invokes the aid of its god against you.
Something smites you!
The purple ugly thing kicks you but does no damage.
You slash the purple ugly thing!
The purple ugly thing is almost dead.
The meliai calls down the wrath of its god upon you.
Something smites you!
You hit the purple ugly thing.
The purple ugly thing is almost dead.
You block the purple ugly thing's attack.
You slash the purple ugly thing!
You kill the purple ugly thing!
Okawaru accepts your kill.
The white ugly thing closely misses you.
The meliai calls down the wrath of its god upon you.
Something smites you!
You see here an ugly thing corpse.
You slash the white ugly thing!
The white ugly thing is lightly wounded.
The white ugly thing basks in the mutagenic energy from its kin and changes!
You barely miss the green ugly thing.
The green ugly thing is lightly wounded.
You slice the green ugly thing!!
The green ugly thing is heavily wounded.
The meliai mumbles some strange prayers to its god against you.
Something smites you!
The meliai calls down the wrath of its god upon you.
Something smites you!
17763 ||| READING 4 scrolls of teleportation.
As you read the scroll of teleportation, it crumbles to dust.
You feel strangely unstable.
The meliai mumbles some strange prayers to its god against you.
Something smites you!
You die...

#......## ##<.......
... ##.......#. ..
#....##### ... ##
...###. .###. .###.
###.#. .#.###.#. .#...#
#...#...#
.#...#####...#...#
.#...#...#...#..@#
###.#.....#.###.#uuy..#
(..###...###...###...##
....#.###.#.....# ###(#
...#...#...#...#...# .#
####...#...#####...#
#...#...# ..# ..
.#.###.#. .## ...###.
.###. .


You could see 2 ugly things and a meliai.

Vanquished Creatures
  Jorgrun (D:13)
  A lich (Abyss:2)
  3 tentacled starspawn
  Gastronok (Lair:1)
  2 dire elephants (Lair:5)
  A white draconian (Abyss:2)
  Josephine (D:11)
  A rakshasa (Abyss:2)
  4 hydras
  A catoblepas (Lair:2)
  2 centaur warriors (D:13)
  Erica (D:10)
  2 two-headed ogres
  4 hell hogs (Abyss:2)
  5 boulder beetles
  9 death yaks
  A vampire mage (Abyss:2)
  Urug (Lair:2)
  2 thrashing horrors (Abyss:2)
  Nergalle (Lair:1)
  A sun demon (Lair:5)
  2 skysharks
  A sixfirhy (Abyss:2)
  A spatial maelstrom (Abyss:2)
  2 wretched stars (Abyss:2)
  2 wizards
  A phantasmal warrior (Abyss:2)
  2 deep elf pyromancers (D:13)
  A necromancer (D:13)
  5 manticores
  3 ugly things
  3 cyclopes
  9 elephants
  2 black mambas
  9 cane toads
  6 rime drakes
  2 smoke demons
  3 unseen horrors
  A hellion (Abyss:2)
  2 orange demons (Lair:5)
  6 komodo dragons
  A tormentor (Abyss:2)
  3 ice devils
  A tengu conjurer (D:8)
  An ancient zyme (Abyss:2)
  2 red devils (Lair:5)
  3 polar bears
  5 trolls
  A wind drake (Lair:2)
  2 hellwings (Abyss:2)
  A queen bee (Lair:2)
  2 hornets
  Grinder (D:6)
  A raiju (Abyss:2)
  14 blink frogs
  A centaur simulacrum (D:14)
  11 slime creatures
  A culicivora (Lair:2)
  4 jumping spiders (Lair:2)
  A shadow (D:11)
  2 ynoxinuls (Abyss:2)
  9 wyverns
  6 wraiths
  22 yaks
  Grum (Lair:1)
  12 basilisks
  A neqoxec (Abyss:2)
  A vampire mosquito (D:13)
  2 steam dragons
  2 spatial vortices (Abyss:2)
  2 redbacks (Lair:2)
  2 chaos spawn (Abyss:2)
  6 large abominations (Abyss:2)
  An acid dragon (D:11)
  13 water moccasins
  6 hell hounds
  3 ice beasts
  2 sky beasts
  8 black bears
  7 orc warriors
  18 wolves
  2 centaurs (D:12)
  Blork the orc (D:5)
  6 small abominations (Abyss:2)
  A kobold brigand (D:9)
  17 bullfrogs
  4 gnoll sergeants
  2 scorpions
  6 wights
  32 killer bees
  3 howler monkeys
  An electric eel (Lair:5)
  A jelly (D:5)
  7 orc priests
  4 hounds
  An iron imp (Abyss:2)
  An iguana (D:5)
  A scorpion zombie (D:3)
  15 orc wizards
  4 hell rats (Lair:1)
  16 gnolls
  6 adders
  2 shadow imps
  5 ufetubi
  2 adder zombies (D:3)
  3 worms
  58 orcs
  6 bats
  7 endoplasms
  A giant cockroach (D:1)
  8 goblins
  5 hobgoblins
  3 jackals (D:1)
  A quokka (D:1)
  5 ball pythons
  A ball python zombie (D:3)
  5 frilled lizards (D:1)
  15 kobolds
  3 rats
  A starspawn tentacle (Abyss:2)
552 creatures vanquished.

Vanquished Creatures (others)
  A chaos spawn (Abyss:2)
  10 starspawn tentacles
11 creatures vanquished.

Grand Total: 563 creatures vanquished

Notes
Turn   | Place    | Note
-------+----------+-------------------------------------------
     0 | D:1      | qw the Gargoyle Fighter began the quest for the Orb.
     0 | D:1      | Reached XP level 1. HP: 14/14 MP: 1/1
     0 | D:1      | 0 ||| qw: Version: 0.3-a-7-ge0c9b40
     0 | D:1      | 0 ||| qw: Game counter: 1071
     0 | D:1      | 0 ||| qw: Always use a shield: true
     0 | D:1      | 0 ||| qw: God list: Okawaru
     0 | D:1      | 0 ||| qw: Allow faded altars: false
     0 | D:1      | 0 ||| qw: Do Orc after D:15 true
     0 | D:1      | 0 ||| qw: Do second Lair branch before Depths: true
     0 | D:1      | 0 ||| qw: Lair rune preference: random
     0 | D:1      | 0 ||| qw: Plans: Normal, Zot:1-4, Slime:5, God:TSO, Crypt,
                  | Tomb, Abyss, Pan, Hells, Win
     0 | D:1      | 0 ||| PLANNING D:1-11
   164 | D:1      | Reached XP level 2. HP: 19/19 MP: 2/2
   628 | D:1      | Found a faded altar of an unknown god.
   742 | D:1      | Reached skill level 3 in Axes
   986 | D:1      | 986 ||| UPGRADING to +0 plate armour.
   996 | D:1      | 996 ||| DROPPING +0 scale mail.
   997 | D:1      | 997 ||| READING scroll labelled VUCSAVO XOCEKUT.
   998 | D:1      | 998 ||| DRINKING 2 bubbling white potions.
  1067 | D:2      | 1067 ||| Stepping ~*~*~tactically~*~*~ (stealth).
  1085 | D:2      | Reached XP level 3. HP: 20/23 MP: 3/3
  1152 | D:2      | HP: 4/23 [worm (7)]
  1809 | D:2      | 1809 ||| DROPPING orb of mayhem.
  1810 | D:2      | 1810 ||| READING scroll labelled QOABBAE WOLL.
  1813 | D:2      | 1813 ||| READING scroll labelled GOAMUKLURUENT.
  1882 | D:3      | 1882 ||| Stepping ~*~*~tactically~*~*~ (stealth).
  1900 | D:3      | 1900 ||| Stepping ~*~*~tactically~*~*~ (stealth).
  2011 | D:3      | Reached XP level 4. HP: 28/28 MP: 4/4
  2073 | D:3      | 2073 ||| DROPPING +0 club.
  2075 | D:3      | Found a snail-covered altar of Cheibriados.
  2075 | D:3      | Found a glowing golden altar of the Shining One.
  2076 | D:3      | Found a hazy altar of Hepliaklqana.
  2161 | D:3      | 2161 ||| FLEEEEING.
  2162 | D:3      | 2162 ||| FLEEEEING.
  2198 | D:3      | 2198 ||| Stepping ~*~*~tactically~*~*~ (stealth).
  2332 | D:3      | Found a basalt altar of Yredelemnul.
  2368 | D:3      | Reached XP level 5. HP: 32/32 MP: 5/5
  2497 | D:3      | 2497 ||| FLEEEEING.
  2499 | D:3      | 2499 ||| FLEEEEING.
  2500 | D:3      | 2500 ||| FLEEEEING.
  2501 | D:3      | 2501 ||| FLEEEEING.
  2502 | D:3      | 2502 ||| FLEEEEING.
  2503 | D:3      | 2503 ||| FLEEEEING.
  2504 | D:3      | 2504 ||| FLEEEEING.
  2505 | D:3      | 2505 ||| FLEEEEING.
  2506 | D:3      | 2506 ||| FLEEEEING.
  2507 | D:3      | 2507 ||| FLEEEEING.
  2508 | D:3      | 2508 ||| FLEEEEING.
  2509 | D:3      | 2509 ||| FLEEEEING.
  2510 | D:3      | 2510 ||| STAIRDANCE
  2538 | D:2      | 2538 ||| UPGRADING to +0 pair of gloves.
  2543 | D:2      | 2543 ||| UPGRADING to +0 pair of boots.
  2548 | D:2      | 2548 ||| UPGRADING to +0 kite shield.
  2558 | D:2      | 2558 ||| DROPPING +0 buckler.
  2559 | D:2      | 2559 ||| UPGRADING to amulet of regeneration.
  2564 | D:2      | 2564 ||| UPGRADING to ring of positive energy.
  2565 | D:2      | 2565 ||| UPGRADING to ring of positive energy.
  2566 | D:2      | 2566 ||| DROPPING ring of wizardry.
  2567 | D:2      | 2567 ||| READING scroll labelled OXZIEBB CURIC.
  2568 | D:2      | 2568 ||| READING scroll labelled COW XAOPLUWNYN.
  2569 | D:2      | 2569 ||| DRINKING 2 fuming brown potions.
  2610 | D:3      | 2610 ||| Stepping ~*~*~tactically~*~*~ (stealth).
  2611 | D:3      | 2611 ||| Stepping ~*~*~tactically~*~*~ (stealth).
  2791 | D:4      | Found a glowing silver altar of Zin.
  2794 | D:4      | 2794 ||| Stepping ~*~*~tactically~*~*~ (hiding).
  2796 | D:4      | 2796 ||| Stepping ~*~*~tactically~*~*~ (hiding).
  2797 | D:4      | 2797 ||| Stepping ~*~*~tactically~*~*~ (hiding).
  2798 | D:4      | 2798 ||| Stepping ~*~*~tactically~*~*~ (hiding).
  2799 | D:4      | 2799 ||| Stepping ~*~*~tactically~*~*~ (hiding).
  2962 | D:4      | HP: 7/32 [gnoll/+0 spear (7)]
  2963 | D:4      | 2963 ||| READING 2 scrolls of teleportation.
  2964 | D:4      | HP: 3/32 [gnoll/+0 spear (2)]
  2979 | D:4      | 2979 ||| Stepping ~*~*~tactically~*~*~ (stealth).
  2980 | D:4      | 2980 ||| FLEEEEING.
  2982 | D:4      | 2982 ||| Stepping ~*~*~tactically~*~*~ (hiding).
  2991 | D:4      | Reached skill level 4 in Shields
  3024 | D:4      | 3024 ||| Stepping ~*~*~tactically~*~*~ (hiding).
  3025 | D:4      | 3025 ||| Stepping ~*~*~tactically~*~*~ (hiding).
  3036 | D:4      | Reached XP level 6. HP: 37/37 MP: 6/6
  3082 | D:4      | Noticed a black bear
  3092 | D:4      | Killed a black bear
  3093 | D:4      | Reached skill level 5 in Shields
  3300 | D:4      | 3300 ||| Stepping ~*~*~tactically~*~*~ (hiding).
  3303 | D:4      | 3303 ||| Stepping ~*~*~tactically~*~*~ (hiding).
  3446 | D:4      | 3446 ||| READING scroll labelled TAUKOEFOJA.
  3447 | D:4      | 3447 ||| DRINKING 2 red potions.
  3448 | D:4      | 3448 ||| READING 2 scrolls of identify.
  3448 | D:4      | 3448 ||| IDENTIFYING fizzy grey potion
  3449 | D:4      | 3449 ||| DROPPING potion of degeneration.
  3482 | D:5      | Entered Level 5 of the Dungeon
  3530 | D:5      | Noticed an ice beast
  3540 | D:5      | Killed an ice beast
  3541 | D:5      | Reached XP level 7. HP: 44/44 MP: 7/7
  3573 | D:5      | Found an iron altar of Okawaru.
  3574 | D:5      | 3574 ||| PLANNING OKAWARU WORSHIP
  3574 | D:5      | 3574 ||| READING 2 scrolls of identify.
  3574 | D:5      | 3574 ||| IDENTIFYING metallic purple potion
  3575 | D:5      | 3575 ||| DROPPING potion of berserk rage.
  3587 | D:5      | Became a worshipper of Warmaster Okawaru
  3588 | D:5      | 3588 ||| PLANNING D:1-11
  3597 | D:5      | 3597 ||| Stepping ~*~*~tactically~*~*~ (hiding).
  3678 | D:5      | Noticed Blork the orc
  3680 | D:5      | 3680 ||| Stepping ~*~*~tactically~*~*~ (hiding).
  3692 | D:5      | HP: 4/44 [Blork the orc/+0 war axe (11)]
  3693 | D:5      | 3693 ||| READING 2 scrolls of teleportation.
  3695 | D:5      | Killed Blork the orc
  3696 | D:5      | Reached skill level 6 in Axes
  3913 | D:5      | Identified the +5 ring mail "Ydeof" {Will+ rCorr Dex-3}
  3925 | D:5      | Identified the +1 ring mail "Hiyw" {Contam +Inv Fly rPois}
  4146 | D:5      | 4146 ||| DRINKING 3 viscous pink potions.
  4147 | D:5      | 4147 ||| READING 4 scrolls of identify.
  4147 | D:5      | 4147 ||| IDENTIFYING fuming orange potion
  4185 | D:6      | 4185 ||| STAIRDANCE
  4405 | D:6      | 4405 ||| Stepping ~*~*~tactically~*~*~ (hiding).
  4414 | D:6      | Reached skill level 6 in Shields
  4510 | D:6      | 4510 ||| Stepping ~*~*~tactically~*~*~ (stealth).
  4512 | D:6      | 4512 ||| Stepping ~*~*~tactically~*~*~ (hiding).
  4514 | D:6      | 4514 ||| Stepping ~*~*~tactically~*~*~ (hiding).
  4516 | D:6      | 4516 ||| Stepping ~*~*~tactically~*~*~ (hiding).
  4531 | D:6      | Reached * piety under Okawaru
  4532 | D:6      | 4532 ||| INVOKING Heroism.
  4534 | D:6      | 4534 ||| INVOKING Heroism.
  4544 | D:6      | Reached XP level 8. HP: 31/48 MP: 6/8
  4773 | D:6      | Found a staircase to the Ecumenical Temple.
  4797 | D:6      | Reached skill level 1 in Invocations
  4812 | D:6      | Noticed Grinder
  4813 | D:6      | 4813 ||| INVOKING Heroism.
  4823 | D:6      | Killed Grinder
  4958 | D:6      | 4958 ||| Stepping ~*~*~tactically~*~*~ (stealth).
  4959 | D:6      | 4959 ||| Stepping ~*~*~tactically~*~*~ (stealth).
  4960 | D:6      | 4960 ||| Stepping ~*~*~tactically~*~*~ (stealth).
  4962 | D:6      | 4962 ||| INVOKING Heroism.
  4967 | D:6      | Reached skill level 3 in Invocations
  5380 | D:6      | 5380 ||| UPGRADING to +6 ring of dexterity.
  5382 | D:6      | 5382 ||| DROPPING ring of positive energy.
  5383 | D:6      | 5383 ||| READING 4 scrolls of identify.
  5383 | D:6      | 5383 ||| IDENTIFYING fuming yellow potion
  5384 | D:6      | 5384 ||| DROPPING potion of brilliance.
  5493 | D:7      | 5493 ||| Stepping ~*~*~tactically~*~*~ (stealth).
  5508 | D:7      | 5508 ||| DROPPING +0 flail.
  5509 | D:7      | 5509 ||| DROPPING +2 mace of holy wrath.
  5518 | D:7      | Reached skill level 1 in Dodging
  5547 | D:7      | 5547 ||| Stepping ~*~*~tactically~*~*~ (stealth).
  5549 | D:7      | 5549 ||| INVOKING Heroism.
  5559 | D:7      | Reached skill level 1 in Throwing
  5637 | D:7      | Noticed a hornet
  5638 | D:7      | 5638 ||| INVOKING Heroism.
  5642 | D:7      | Reached XP level 9. HP: 54/54 MP: 9/12
  5645 | D:7      | Reached skill level 7 in Shields
  5645 | D:7      | Killed a hornet
  5645 | D:7      | Reached ** piety under Okawaru
  5778 | D:7      | 5778 ||| INVOKING Heroism.
  5887 | D:7      | 5887 ||| INVOKING Heroism.
  6120 | D:7      | 6120 ||| INVOKING Heroism.
  6638 | D:7      | 6638 ||| UPGRADING to +4 ring of slaying {mikee}.
  6640 | D:7      | 6640 ||| DROPPING ring of positive energy.
  6641 | D:7      | 6641 ||| READING scroll labelled NIUFYF ZUYCVA.
  6743 | D:8      | 6743 ||| INVOKING Heroism.
  6791 | D:8      | Found a sacrificial altar of Ru.
  6806 | D:8      | 6806 ||| Stepping ~*~*~tactically~*~*~ (stealth).
  6808 | D:8      | 6808 ||| Stepping ~*~*~tactically~*~*~ (hiding).
  6848 | D:8      | 6848 ||| Stepping ~*~*~tactically~*~*~ (stealth).
  6886 | D:8      | 6886 ||| DROPPING +2 morningstar of freezing.
  6993 | D:8      | 6993 ||| Stepping ~*~*~tactically~*~*~ (hiding).
  7001 | D:8      | Reached skill level 6 in Fighting
  7021 | D:8      | 7021 ||| INVOKING Heroism.
  7071 | D:8      | Noticed a manticore
  7095 | D:8      | Noticed a hornet
  7096 | D:8      | 7096 ||| Stepping ~*~*~tactically~*~*~ (stealth).
  7098 | D:8      | 7098 ||| Stepping ~*~*~tactically~*~*~ (stealth).
  7107 | D:8      | Killed a hornet
  7108 | D:8      | Reached skill level 8 in Shields
  7118 | D:8      | 7118 ||| Stepping ~*~*~tactically~*~*~ (stealth).
  7128 | D:8      | 7128 ||| INVOKING Heroism.
  7130 | D:8      | Reached XP level 10. HP: 59/60 MP: 10/13
  7143 | D:8      | 7143 ||| INVOKING Heroism.
  7145 | D:8      | 7145 ||| Stepping ~*~*~tactically~*~*~ (hiding).
  7157 | D:8      | Reached skill level 9 in Axes
  7162 | D:8      | 7162 ||| Stepping ~*~*~tactically~*~*~ (stealth).
  7167 | D:8      | 7167 ||| Stepping ~*~*~tactically~*~*~ (stealth).
  7177 | D:8      | 7177 ||| INVOKING Heroism.
  7181 | D:8      | 7181 ||| Stepping ~*~*~tactically~*~*~ (stealth).
  7215 | D:8      | 7215 ||| INVOKING Heroism.
  7224 | D:8      | Killed a manticore
  7225 | D:8      | Reached skill level 6 in Armour
  7375 | D:8      | 7375 ||| Stepping ~*~*~tactically~*~*~ (stealth).
  7391 | D:8      | Found a shadowy altar of Dithmenos.
  7562 | D:8      | 7562 ||| READING scroll labelled RIRE ZUSANIWERPH.
  7563 | D:8      | 7563 ||| READING scroll labelled FURPHOV VOAMENO.
  7619 | D:9      | Found a shimmering altar of Xom.
  7620 | D:9      | 7620 ||| INVOKING Heroism.
  7646 | D:9      | 7646 ||| INVOKING Heroism.
  7681 | D:9      | 7681 ||| INVOKING Heroism.
  7710 | D:9      | Reached skill level 9 in Shields
  7721 | D:9      | 7721 ||| Stepping ~*~*~tactically~*~*~ (stealth).
  7750 | D:9      | 7750 ||| Stepping ~*~*~tactically~*~*~ (hiding).
  7766 | D:9      | 7766 ||| DRINKING 2 potions of curing.
  7766 | D:9      | 7766 ||| (to cure confusion)
  8112 | D:9      | Found a staircase to the Lair.
  8113 | D:9      | 8113 ||| INVOKING Heroism.
  8128 | D:9      | 8128 ||| PLANNING LAIR
  8128 | D:9      | 8128 ||| UPGRADING to +6 ring of strength.
  8130 | D:9      | 8130 ||| UPGRADING to +4 ring of slaying {mikee}.
  8132 | D:9      | 8132 ||| DROPPING +6 ring of dexterity.
  8137 | Lair:1   | Entered Level 1 of the Lair of Beasts
  8170 | Lair:1   | 8170 ||| Stepping ~*~*~tactically~*~*~ (hiding).
  8217 | Lair:1   | Found a frozen archway.
  8225 | Lair:1   | 8225 ||| INVOKING Heroism.
  8231 | Lair:1   | Reached *** piety under Okawaru
  8232 | Lair:1   | Reached XP level 11. HP: 45/67 MP: 11/14
  8480 | Lair:1   | 8480 ||| INVOKING Heroism.
  8498 | Lair:1   | Received a gift from Okawaru
  8504 | Lair:1   | Noticed Nergalle
  8505 | Lair:1   | 8505 ||| INVOKING Heroism.
  8520 | Lair:1   | Killed Nergalle
  8521 | Lair:1   | Reached skill level 3 in Throwing
  8560 | Lair:1   | Reached **** piety under Okawaru
  8561 | Lair:1   | Noticed Gastronok
  8562 | Lair:1   | 8562 ||| FLEEEEING.
  8593 | Lair:1   | 8593 ||| INVOKING Heroism.
  8603 | Lair:1   | Killed Gastronok
  8830 | Lair:1   | Noticed Grum
  8831 | Lair:1   | 8831 ||| Stepping ~*~*~tactically~*~*~ (hiding).
  8832 | Lair:1   | 8832 ||| Stepping ~*~*~tactically~*~*~ (hiding).
  8835 | Lair:1   | 8835 ||| INVOKING Heroism.
  8849 | Lair:1   | Killed Grum
  8940 | Lair:1   | 8940 ||| INVOKING Heroism.
  9247 | Lair:1   | 9247 ||| UPGRADING to +0 tower shield.
  9257 | Lair:1   | 9257 ||| DROPPING +0 kite shield.
  9258 | Lair:1   | 9258 ||| READING scroll labelled SURIDIDDATUWK.
  9259 | Lair:1   | 9259 ||| READING 5 scrolls of identify.
  9259 | Lair:1   | 9259 ||| IDENTIFYING orange potion
  9283 | Lair:2   | Noticed a six-headed hydra
  9284 | Lair:2   | 9284 ||| INVOKING Heroism.
  9288 | Lair:2   | Noticed a manticore
  9290 | Lair:2   | 9290 ||| SWAPPING to +0 morningstar of protection.
  9299 | Lair:2   | Killed a six-headed hydra
  9299 | Lair:2   | Received a gift from Okawaru
  9300 | Lair:2   | 9300 ||| SWAPPING to +1 war axe of electrocution.
  9302 | Lair:2   | 9302 ||| STAIRDANCE
  9307 | Lair:1   | Reached skill level 6 in Invocations
  9307 | Lair:1   | Killed a manticore
  9308 | Lair:1   | Reached skill level 10 in Shields
  9346 | Lair:2   | 9346 ||| INVOKING Heroism.
  9353 | Lair:2   | Received a gift from Okawaru
  9366 | Lair:2   | Reached XP level 12. HP: 30/73 MP: 15/17
  9366 | Lair:2   | Reached ***** piety under Okawaru
  9375 | Lair:2   | 9375 ||| INVOKING Heroism.
  9410 | Lair:2   | Found a staircase to the Shoals.
  9437 | Lair:2   | 9437 ||| Stepping ~*~*~tactically~*~*~ (hiding).
  9444 | Lair:2   | 9444 ||| INVOKING Heroism.
  9475 | Lair:2   | Found a hole to the Spider Nest.
  9522 | Lair:2   | 9522 ||| INVOKING Heroism.
  9540 | Lair:2   | Noticed a catoblepas
  9541 | Lair:2   | Found a hide-covered altar of Uskayaw.
  9541 | Lair:2   | Found an ornate altar of the Wu Jian Council.
  9541 | Lair:2   | Noticed a boulder beetle
  9553 | Lair:2   | Killed a boulder beetle
  9554 | Lair:2   | Reached skill level 11 in Shields
  9554 | Lair:2   | 9554 ||| INVOKING Finesse.
  9555 | Lair:2   | 9555 ||| INVOKING Heroism.
  9562 | Lair:2   | Killed a catoblepas
  9562 | Lair:2   | Received a gift from Okawaru
  9617 | Lair:2   | 9617 ||| Stepping ~*~*~tactically~*~*~ (hiding).
  9801 | Lair:2   | Noticed Urug
  9802 | Lair:2   | 9802 ||| INVOKING Heroism.
  9803 | Lair:2   | 9803 ||| INVOKING Finesse.
  9817 | Lair:2   | Killed Urug
  9825 | Lair:2   | 9825 ||| Stepping ~*~*~tactically~*~*~ (stealth).
  9939 | Lair:2   | 9939 ||| Stepping ~*~*~tactically~*~*~ (stealth).
  9942 | Lair:2   | 9942 ||| Stepping ~*~*~tactically~*~*~ (stealth).
  9953 | Lair:2   | Reached skill level 9 in Invocations
  9975 | Lair:2   | 9975 ||| Stepping ~*~*~tactically~*~*~ (stealth).
  9978 | Lair:2   | 9978 ||| Stepping ~*~*~tactically~*~*~ (stealth).
  9985 | Lair:2   | 9985 ||| Stepping ~*~*~tactically~*~*~ (stealth).
  9994 | Lair:2   | 9994 ||| INVOKING Heroism.
 10000 | Lair:2   | Reached skill level 12 in Shields
 10027 | Lair:2   | 10027 ||| Stepping ~*~*~tactically~*~*~ (stealth).
 10028 | Lair:2   | 10028 ||| Stepping ~*~*~tactically~*~*~ (stealth).
 10035 | Lair:2   | 10035 ||| Stepping ~*~*~tactically~*~*~ (hiding).
 10048 | Lair:2   | 10048 ||| INVOKING Heroism.
 10068 | Lair:2   | 10068 ||| Stepping ~*~*~tactically~*~*~ (stealth).
 10070 | Lair:2   | 10070 ||| Stepping ~*~*~tactically~*~*~ (stealth).
 10075 | Lair:2   | 10075 ||| Stepping ~*~*~tactically~*~*~ (stealth).
 10084 | Lair:2   | 10084 ||| Stepping ~*~*~tactically~*~*~ (stealth).
 10089 | Lair:2   | 10089 ||| Stepping ~*~*~tactically~*~*~ (stealth).
 10090 | Lair:2   | 10090 ||| Stepping ~*~*~tactically~*~*~ (stealth).
 10091 | Lair:2   | 10091 ||| Stepping ~*~*~tactically~*~*~ (stealth).
 10093 | Lair:2   | 10093 ||| Stepping ~*~*~tactically~*~*~ (stealth).
 10095 | Lair:2   | 10095 ||| Stepping ~*~*~tactically~*~*~ (stealth).
 10102 | Lair:2   | 10102 ||| INVOKING Heroism.
 10186 | Lair:2   | 10186 ||| Stepping ~*~*~tactically~*~*~ (stealth).
 10266 | Lair:2   | Noticed a death yak
 10267 | Lair:2   | 10267 ||| INVOKING Heroism.
 10267 | Lair:2   | Noticed a death yak
 10268 | Lair:2   | 10268 ||| INVOKING Finesse.
 10269 | Lair:2   | Noticed a death yak
 10272 | Lair:2   | Noticed a death yak
 10273 | Lair:2   | Killed a death yak
 10280 | Lair:2   | Killed a death yak
 10281 | Lair:2   | Reached skill level 13 in Shields
 10281 | Lair:2   | Reached XP level 13. HP: 78/78 MP: 13/20
 10321 | Lair:2   | 10321 ||| Stepping ~*~*~tactically~*~*~ (stealth).
 10808 | Lair:2   | 10808 ||| DROPPING +4 ring of protection.
 10809 | Lair:2   | 10809 ||| DRINKING 2 bubbling pink potions.
 10810 | Lair:2   | 10810 ||| DRINKING 4 potions of curing.
 10810 | Lair:2   | 10810 ||| (to cure confusion)
 10811 | Lair:2   | 10811 ||| READING 5 scrolls of identify.
 10811 | Lair:2   | 10811 ||| IDENTIFYING silvery potion
 10812 | Lair:2   | 10812 ||| DROPPING potion of ambrosia.
 10844 | Lair:3   | 10844 ||| INVOKING Heroism.
 10845 | Lair:3   | 10845 ||| INVOKING Finesse.
 10847 | Lair:3   | Received a gift from Okawaru
 10848 | Lair:3   | Reached skill level 9 in Fighting
 10851 | Lair:3   | Reached skill level 14 in Shields
 10915 | Lair:3   | Found a transporter.
 10923 | Lair:3   | Noticed qw's ghost (journeyman GrFi)
 10925 | Lair:3   | Found a bloodstained altar of Trog.
 10976 | Lair:3   | 10976 ||| Stepping ~*~*~tactically~*~*~ (stealth).
 10978 | Lair:3   | 10978 ||| INVOKING Heroism.
 11017 | Lair:3   | 11017 ||| Stepping ~*~*~tactically~*~*~ (stealth).
 11018 | Lair:3   | 11018 ||| Stepping ~*~*~tactically~*~*~ (stealth).
 11100 | Lair:3   | 11100 ||| INVOKING Heroism.
 11101 | Lair:3   | 11101 ||| INVOKING Finesse.
 11103 | Lair:3   | 11103 ||| SWAPPING to +0 morningstar of protection.
 11110 | Lair:3   | 11110 ||| SWAPPING to +1 war axe of electrocution.
 11171 | Lair:3   | 11171 ||| INVOKING Heroism.
 11277 | Lair:3   | 11277 ||| INVOKING Heroism.
 11278 | Lair:3   | 11278 ||| Stepping ~*~*~tactically~*~*~ (stealth).
 11282 | Lair:3   | 11282 ||| SWAPPING to +0 morningstar of protection.
 11283 | Lair:3   | 11283 ||| INVOKING Finesse.
 11291 | Lair:3   | 11291 ||| SWAPPING to +1 war axe of electrocution.
 11415 | Lair:3   | Found a transporter.
 11437 | Lair:3   | 11437 ||| INVOKING Heroism.
 11447 | Lair:3   | Reached skill level 12 in Axes
 11451 | Lair:3   | 11451 ||| INVOKING Heroism.
 11750 | Lair:3   | 11750 ||| READING scroll labelled MAOLIC TUFFAV.
 11798 | Lair:4   | 11798 ||| Stepping ~*~*~tactically~*~*~ (stealth).
 11819 | Lair:4   | Found a runed translucent door.
 11820 | Lair:4   | Found a viscous altar of Jiyva.
 11820 | Lair:4   | Found a staircase to the Slime Pits.
 11821 | Lair:4   | Noticed an azure jelly
 11863 | Lair:4   | 11863 ||| Stepping ~*~*~tactically~*~*~ (stealth).
 11864 | Lair:4   | 11864 ||| Stepping ~*~*~tactically~*~*~ (stealth).
 11980 | Lair:4   | Identified the +7 dagger of the Visionary {freeze, *Rage
                  | rC+ Str+3} (Okawaru gifted it to you on level 4 of the Lair
                  | of Beasts)
 11980 | Lair:4   | Received a gift from Okawaru
 12544 | Lair:5   | Entered Level 5 of the Lair of Beasts
 12553 | Lair:5   | 12553 ||| INVOKING Heroism.
 12582 | Lair:5   | 12582 ||| Stepping ~*~*~tactically~*~*~ (stealth).
 12584 | Lair:5   | 12584 ||| Stepping ~*~*~tactically~*~*~ (stealth).
 12652 | Lair:5   | 12652 ||| READING scroll of enchant armour.
 12652 | Lair:5   | 12652 ||| ENCHANTING +0 pair of gloves.
 12675 | Lair:5   | 12675 ||| Stepping ~*~*~tactically~*~*~ (hiding).
 12676 | Lair:5   | 12676 ||| Stepping ~*~*~tactically~*~*~ (hiding).
 12727 | Lair:5   | 12727 ||| Stepping ~*~*~tactically~*~*~ (stealth).
 12732 | Lair:5   | 12732 ||| Stepping ~*~*~tactically~*~*~ (stealth).
 12734 | Lair:5   | 12734 ||| Stepping ~*~*~tactically~*~*~ (stealth).
 12740 | Lair:5   | 12740 ||| INVOKING Heroism.
 12747 | Lair:5   | Gained mutation: Your large and strong wings let you fly.
                  | [Gargoyle growth]
 12747 | Lair:5   | Reached XP level 14. HP: 84/88 MP: 19/21
 12908 | Lair:5   | 12908 ||| Stepping ~*~*~tactically~*~*~ (stealth).
 12914 | Lair:5   | 12914 ||| Stepping ~*~*~tactically~*~*~ (stealth).
 12943 | Lair:5   | Noticed a dire elephant
 12944 | Lair:5   | 12944 ||| INVOKING Heroism.
 12952 | Lair:5   | Killed a dire elephant
 12961 | Lair:5   | 12961 ||| READING scroll of enchant weapon.
 12961 | Lair:5   | 12961 ||| ENCHANTING +1 war axe of electrocution.
 13218 | Lair:5   | Noticed a dire elephant
 13219 | Lair:5   | 13219 ||| Stepping ~*~*~tactically~*~*~ (stealth).
 13222 | Lair:5   | 13222 ||| INVOKING Heroism.
 13234 | Lair:5   | Killed a dire elephant
 13256 | Lair:5   | 13256 ||| Stepping ~*~*~tactically~*~*~ (hiding).
 13257 | Lair:5   | 13257 ||| Stepping ~*~*~tactically~*~*~ (hiding).
 13336 | Lair:5   | 13336 ||| Stepping ~*~*~tactically~*~*~ (hiding).
 13353 | Lair:5   | 13353 ||| Stepping ~*~*~tactically~*~*~ (stealth).
 13357 | Lair:5   | 13357 ||| INVOKING Heroism.
 13358 | Lair:5   | 13358 ||| INVOKING Finesse.
 13371 | Lair:5   | Found a burning altar of Makhleb.
 13375 | Lair:5   | Received a gift from Okawaru
 13376 | Lair:5   | Reached skill level 15 in Shields
 13377 | Lair:5   | 13377 ||| Stepping ~*~*~tactically~*~*~ (hiding).
 13382 | Lair:5   | 13382 ||| Stepping ~*~*~tactically~*~*~ (hiding).
 13394 | Lair:5   | 13394 ||| Stepping ~*~*~tactically~*~*~ (hiding).
 13395 | Lair:5   | 13395 ||| Stepping ~*~*~tactically~*~*~ (hiding).
 13399 | Lair:5   | 13399 ||| Stepping ~*~*~tactically~*~*~ (hiding).
 13400 | Lair:5   | 13400 ||| Stepping ~*~*~tactically~*~*~ (hiding).
 13401 | Lair:5   | 13401 ||| INVOKING Finesse.
 13421 | Lair:5   | 13421 ||| Stepping ~*~*~tactically~*~*~ (stealth).
 13422 | Lair:5   | 13422 ||| Stepping ~*~*~tactically~*~*~ (stealth).
 13423 | Lair:5   | 13423 ||| Stepping ~*~*~tactically~*~*~ (stealth).
 13452 | Lair:5   | 13452 ||| Stepping ~*~*~tactically~*~*~ (stealth).
 13453 | Lair:5   | 13453 ||| Stepping ~*~*~tactically~*~*~ (stealth).
 13454 | Lair:5   | 13454 ||| Stepping ~*~*~tactically~*~*~ (stealth).
 13455 | Lair:5   | 13455 ||| Stepping ~*~*~tactically~*~*~ (stealth).
 13460 | Lair:5   | 13460 ||| Stepping ~*~*~tactically~*~*~ (cloud).
 13461 | Lair:5   | 13461 ||| Stepping ~*~*~tactically~*~*~ (cloud).
 13463 | Lair:5   | 13463 ||| Stepping ~*~*~tactically~*~*~ (hiding).
 13471 | Lair:5   | 13471 ||| INVOKING Heroism.
 13540 | Lair:5   | Found a gateway to Hell.
 13679 | Lair:5   | 13679 ||| PLANNING D:1-11
 13679 | Lair:5   | 13679 ||| UPGRADING to +1 helmet.
 13805 | D:10     | Entered Level 10 of the Dungeon
 13927 | D:10     | Found an ornate altar of the Wu Jian Council.
 13990 | D:10     | Found a sparkling altar of Nemelex Xobeh.
 14095 | D:10     | 14095 ||| Stepping ~*~*~tactically~*~*~ (hiding).
 14097 | D:10     | 14097 ||| Stepping ~*~*~tactically~*~*~ (hiding).
 14390 | D:10     | Noticed Erica
 14391 | D:10     | 14391 ||| Stepping ~*~*~tactically~*~*~ (hiding).
 14392 | D:10     | 14392 ||| INVOKING Heroism.
 14399 | D:10     | Killed Erica
 14436 | D:10     | 14436 ||| READING scroll of brand weapon.
 14436 | D:10     | 14436 ||| BRANDING +2 war axe of electrocution.
 14471 | D:10     | Reached skill level 9 in Armour
 14651 | D:11     | Identified the +2 scale mail of the End {rElec Str-5 SInv}
 14667 | D:11     | Noticed Josephine
 14668 | D:11     | 14668 ||| Stepping ~*~*~tactically~*~*~ (stealth).
 14688 | D:11     | Killed Josephine
 14746 | D:11     | 14746 ||| Stepping ~*~*~tactically~*~*~ (stealth).
 14748 | D:11     | 14748 ||| Stepping ~*~*~tactically~*~*~ (stealth).
 14750 | D:11     | 14750 ||| Stepping ~*~*~tactically~*~*~ (hiding).
 15243 | D:11     | 15243 ||| PLANNING D
 15261 | D:12     | 15261 ||| PLANNING GAUNTLET
 15264 | D:12     | Found the +4 robe of Folly {Brill Will-∞ Int+8}
 15373 | D:12     | 15373 ||| INVOKING Heroism.
 15436 | D:12     | Received a gift from Okawaru
 15446 | D:12     | Found a staircase to the Orcish Mines.
 15454 | D:12     | You are sucked into a shaft and drop 1 floor!
 15461 | D:13     | 15461 ||| Stepping ~*~*~tactically~*~*~ (hiding).
 15462 | D:13     | 15462 ||| Stepping ~*~*~tactically~*~*~ (hiding).
 15464 | D:13     | 15464 ||| Stepping ~*~*~tactically~*~*~ (hiding).
 15503 | D:13     | 15503 ||| Stepping ~*~*~tactically~*~*~ (hiding).
 15504 | D:13     | 15504 ||| Stepping ~*~*~tactically~*~*~ (hiding).
 15696 | D:13     | Noticed Jorgrun
 15697 | D:13     | 15697 ||| INVOKING Heroism.
 15712 | D:13     | HP: 17/88 [constriction (16)]
 15713 | D:13     | 15713 ||| READING 6 scrolls of teleportation.
 15714 | D:13     | 15714 ||| DRINKING 4 potions of heal wounds.
 15722 | D:13     | 15722 ||| SWAPPING to +0 morningstar of protection.
 15728 | D:13     | 15728 ||| SWAPPING to +2 war axe of protection.
 15750 | D:13     | 15750 ||| INVOKING Finesse.
 15757 | D:13     | 15757 ||| INVOKING Heroism.
 15897 | D:13     | 15897 ||| INVOKING Heroism.
 15928 | D:13     | 15928 ||| Stepping ~*~*~tactically~*~*~ (hiding).
 15944 | D:13     | Killed Jorgrun
 16024 | D:13     | 16024 ||| READING scroll labelled OXKASINYSU.
 16025 | D:13     | 16025 ||| READING 4 scrolls labelled TUSIDE UBEX.
 16026 | D:13     | 16026 ||| DROPPING 3 scrolls of vulnerability.
 16032 | D:12     | 16032 ||| RIP GAUNTLET
 16033 | D:12     | 16033 ||| PLANNING D
 16129 | D:12     | 16129 ||| Stepping ~*~*~tactically~*~*~ (stealth).
 16131 | D:12     | 16131 ||| Stepping ~*~*~tactically~*~*~ (stealth).
 16137 | D:12     | 16137 ||| Stepping ~*~*~tactically~*~*~ (stealth).
 16138 | D:12     | 16138 ||| Stepping ~*~*~tactically~*~*~ (stealth).
 16154 | D:12     | Reached XP level 15. HP: 92/92 MP: 22/22
 16455 | D:12     | 16455 ||| READING 14 scrolls of identify.
 16455 | D:12     | 16455 ||| IDENTIFYING blue potion
 16456 | D:12     | 16456 ||| READING 13 scrolls of identify.
 16456 | D:12     | 16456 ||| IDENTIFYING clear potion
 16457 | D:12     | 16457 ||| DROPPING potion of invisibility.
 16586 | D:13     | Received a gift from Okawaru
 16586 | Abyss:2  | Cast into level 2 of the Abyss (a wizard)
 16643 | Abyss:2  | Noticed a tentacled starspawn
 16644 | Abyss:2  | 16644 ||| Stepping ~*~*~tactically~*~*~ (hiding).
 16655 | Abyss:2  | Killed a tentacled starspawn
 16723 | Abyss:2  | 16723 ||| Stepping ~*~*~tactically~*~*~ (stealth).
 16725 | Abyss:2  | 16725 ||| INVOKING Heroism.
 16755 | Abyss:2  | 16755 ||| INVOKING Finesse.
 16756 | Abyss:2  | 16756 ||| INVOKING Heroism.
 16788 | Abyss:2  | Reached skill level 16 in Shields
 16816 | Abyss:2  | 16816 ||| Stepping ~*~*~tactically~*~*~ (stealth).
 16817 | Abyss:2  | 16817 ||| Stepping ~*~*~tactically~*~*~ (stealth).
 16860 | D:13     | Escaped the Abyss
 16867 | D:13     | Found a gate to the Vaults.
 16875 | D:13     | 16875 ||| INVOKING Heroism.
 16884 | Abyss:2  | Cast into level 2 of the Abyss (a wizard)
 16910 | Abyss:2  | Found a corrupted altar of Lugonu.
 17018 | Abyss:2  | 17018 ||| Stepping ~*~*~tactically~*~*~ (stealth).
 17019 | Abyss:2  | 17019 ||| Stepping ~*~*~tactically~*~*~ (stealth).
 17055 | Abyss:2  | Noticed a tentacled starspawn
 17056 | Abyss:2  | 17056 ||| Stepping ~*~*~tactically~*~*~ (hiding).
 17069 | Abyss:2  | Killed a tentacled starspawn
 17142 | Abyss:2  | 17142 ||| Stepping ~*~*~tactically~*~*~ (hiding).
 17155 | Abyss:2  | Received a gift from Okawaru
 17173 | Abyss:2  | 17173 ||| INVOKING Heroism.
 17183 | Abyss:2  | HP: 3/94 [hellion/damnation (37)]
 17184 | Abyss:2  | 17184 ||| READING 5 scrolls of teleportation.
 17185 | Abyss:2  | 17185 ||| DRINKING 3 potions of heal wounds.
 17259 | Abyss:2  | 17259 ||| Stepping ~*~*~tactically~*~*~ (stealth).
 17260 | Abyss:2  | 17260 ||| Stepping ~*~*~tactically~*~*~ (stealth).
 17265 | Abyss:2  | 17265 ||| Stepping ~*~*~tactically~*~*~ (stealth).
 17266 | Abyss:2  | 17266 ||| Stepping ~*~*~tactically~*~*~ (stealth).
 17268 | Abyss:2  | 17268 ||| Stepping ~*~*~tactically~*~*~ (stealth).
 17269 | Abyss:2  | 17269 ||| Stepping ~*~*~tactically~*~*~ (stealth).
 17290 | Abyss:2  | 17290 ||| Stepping ~*~*~tactically~*~*~ (stealth).
 17319 | Abyss:2  | 17319 ||| Stepping ~*~*~tactically~*~*~ (hiding).
 17329 | Abyss:2  | 17329 ||| INVOKING Heroism.
 17390 | Abyss:2  | 17390 ||| Stepping ~*~*~tactically~*~*~ (hiding).
 17463 | Abyss:2  | 17463 ||| Stepping ~*~*~tactically~*~*~ (stealth).
 17469 | Abyss:2  | Noticed a lich
 17470 | Abyss:2  | 17470 ||| Stepping ~*~*~tactically~*~*~ (hiding).
 17474 | Abyss:2  | 17474 ||| INVOKING Heroism.
 17475 | Abyss:2  | 17475 ||| INVOKING Finesse.
 17477 | Abyss:2  | 17477 ||| Stepping ~*~*~tactically~*~*~ (stealth).
 17486 | Abyss:2  | Killed a lich
 17487 | Abyss:2  | Reached skill level 15 in Axes
 17492 | Abyss:2  | 17492 ||| Stepping ~*~*~tactically~*~*~ (stealth).
 17496 | Abyss:2  | 17496 ||| Stepping ~*~*~tactically~*~*~ (stealth).
 17535 | Abyss:2  | 17535 ||| Stepping ~*~*~tactically~*~*~ (stealth).
 17537 | Abyss:2  | 17537 ||| Stepping ~*~*~tactically~*~*~ (stealth).
 17537 | Abyss:2  | Noticed a tentacled starspawn
 17538 | Abyss:2  | 17538 ||| Stepping ~*~*~tactically~*~*~ (stealth).
 17552 | D:13     | Escaped the Abyss
 17555 | D:13     | Killed a tentacled starspawn
 17556 | D:13     | Reached skill level 3 in Dodging
 17695 | D:14     | 17695 ||| Stepping ~*~*~tactically~*~*~ (hiding).
 17744 | D:14     | 17744 ||| INVOKING Heroism.
 17762 | D:14     | HP: 8/95 [meliai/divine providence (17)]
 17763 | D:14     | 17763 ||| READING 4 scrolls of teleportation.
 17763 | D:14     | Killed from afar by a meliai

Levels and vault maps discovered:
D:1:      giann_forest_graveyard, layout_basic, chequers_ecumenical_altar_lobes
D:2:      layout_basic
D:3:      minmay_wonky_spiral, layout_basic, nicolae_yredelemnul_corpse_copse,
          chequers_temple_overflow_statue_of_worship, grunt_ministairs_15
D:4:      layout_rooms, zin_academy
D:5:      layout_basic, mainiacjoe_overflow_catwalk, kennysheep_cluttered_room,
          uniq_blork_the_orc
D:6:      layout_gridville, minmay_temple_entry_sparse_star, serial_rivers,
          chequers_serial_rivers_micro_b, chequers_serial_rivers_micro_e,
          chequers_serial_rivers_micro_d, chequers_serial_rivers_micro_b,
          chequers_serial_rivers_small_b, chequers_serial_rivers_small_a,
          uniq_grinder
D:7:      layout_basic
D:8:      wad_guarded_room, layout_loops_ring, grunt_dithmenos_smoke,
          nicolae_ru_sacrificial_ziggurat
D:9:      layout_rooms, lemuel_crystal_altar, grunt_lair_entry_orc_guard_hut
D:10:     layout_irregular_city, nemelex_diamond_rough_becter,
          pdpol_wu_jian_five_deadly_venoms, small_statue_intersection,
          uniq_erica
D:11:     layout_basic, uniq_josephine
D:12:     layout_small_grid, minmay_orc_entry_temple_small,
          gauntlet_entry_generic
D:13:     nicolae_cairo_tiling_very_big, layout_basic, david_vaults_1,
          kennysheep_kite_vault, uniq_jorgrun
D:14:     nicolae_cairo_tiling, layout_cave_pools, chequers_garden, uniq_snorg
Lair:1:   layout_concentric_octagons, portal_ice_cave_rime,
          nicolae_lair_grove_arrangements, uniq_gastronok, uniq_grum,
          uniq_nergalle
Lair:2:   regret_index_bee_streams, layout_regular_city,
          minmay_shoals_entry_beasts, nicolae_spider_entry_tight_spaces,
          nzn_masters_of_martial_movement, infiniplex_staircase_pool_2,
          uniq_urug
Lair:3:   layout_roguey, gammafunk_ghost_wrathful_warriors
Lair:4:   hellmonk_ruined_rings, layout_small_grid, slime_entry_2
Lair:5:   evil_forest, layout_loops_ring, nicolae_quartered_pool_medium,
          serial_bayou_shore_a

Skill      XL: |  1  2  3  4  5  6  7  8  9 10 11 12 13 14 15 |
---------------+----------------------------------------------+-----
Axes           | 2 3 4 5 6 7 8 10 11 12 14 15 | 15.0
Shields        | 4 5 6 8 9 10 13 14 15 16 | 16.0
Fighting       | 4 5 6 7 8 10 11 | 11.4
Armour         | 4 5 6 7 8 10 | 10.0
Invocations    | 4 6 10 | 10.0
Dodging        | 1 2 3 |  3.3
Throwing       | 1 2 3 4 5 |  5.0

Action                     |  1- 3 |  4- 6 |  7- 9 | 10-12 | 13-15 || total
---------------------------+-------+-------+-------+-------+-------++-------
  Melee: War axe           |   127 |   151 |   278 |   387 |   819 ||  1762
         Morningstar       |       |       |       |     9 |    17 ||    26
  Throw: Javelin           |       |       |    24 |    53 |   119 ||   196
         Boomerang         |       |       |     3 |    50 |    89 ||   142
 Invoke: Heroism           |       |       |    11 |    24 |    25 ||    60
         Finesse           |       |       |       |     3 |     8 ||    11
    Use: Scroll            |     3 |     5 |     5 |     4 |    12 ||    29
         Potion            |     1 |     2 |     1 |     1 |     4 ||     9
   Stab: Petrifying        |       |       |       |     1 |     1 ||     2
 Armour: Scale mail        |    29 |       |       |       |       ||    29
         Plate armour      |    39 |    89 |   189 |   241 |   338 ||   896
  Dodge: Dodged            |    36 |    38 |    90 |   118 |   130 ||   412
  Block: Buckler           |    16 |    11 |       |       |       ||    27
         Kite shield       |       |    46 |   152 |    89 |       ||   287
         Tower shield      |       |       |       |   225 |   554 ||   779

Table legend:
 A = Non-vault XP
 B = Vault XP
 C = Vault XP percentage of total XP
 D = Non-vault monster count
 E = Vault monster count
 F = Vault count percentage of total count
                 A         B        C        D         E       F
            +---------+---------+-------+---------+---------+-------
      Total |   75639 |   40589 |  34.9 |     391 |     158 |  28.8
            +---------+---------+-------+---------+---------+-------
        D:1 |      33 |       0 |   0.0 |      23 |       0 |   0.0
        D:2 |      32 |       0 |   0.0 |      10 |       0 |   0.0
        D:3 |      81 |      76 |  48.4 |      20 |      10 |  33.3
        D:4 |     337 |       0 |   0.0 |      20 |       0 |   0.0
        D:5 |     397 |     100 |  20.1 |      13 |       1 |   7.1
        D:6 |     495 |     277 |  35.9 |      14 |       1 |   6.7
        D:7 |    1757 |       0 |   0.0 |      29 |       0 |   0.0
        D:8 |     678 |    2393 |  77.9 |      23 |      17 |  42.5
        D:9 |    1112 |     530 |  32.3 |      25 |       5 |  16.7
       D:10 |     834 |     842 |  50.2 |       6 |       1 |  14.3
       D:11 |    2387 |    1551 |  39.4 |      12 |       4 |  25.0
       D:12 |    3373 |      99 |   2.9 |      14 |       7 |  33.3
       D:13 |    4706 |   11727 |  71.4 |      11 |      21 |  65.6
       D:14 |    1951 |       0 |   0.0 |       4 |       0 |   0.0
     Lair:1 |    4686 |    3969 |  45.9 |      26 |       8 |  23.5
     Lair:2 |   10308 |    8737 |  45.9 |      32 |      57 |  64.0
     Lair:3 |   11234 |       0 |   0.0 |      30 |       0 |   0.0
     Lair:4 |    5164 |       0 |   0.0 |      20 |       0 |   0.0
     Lair:5 |    3765 |   10288 |  73.2 |      12 |      26 |  68.4
    Abyss:2 |   22309 |       0 |   0.0 |      47 |       0 |   0.0
            +---------+---------+-------+---------+---------+-------
